AoeStats
← Link

MegaRandom

508065454Analyzed
2v2 RM · 13d ago on Sep 20, 2026· 47m 31s· 4 players
Game mode
Random Map
Map size
Medium (4 player)
Population
200
Speed
Normal
Resources
Standard
Victory
Conquest
Starting age
Dark Age
Ending age
Imperial Age
RankedLock teamsTeams togetherTeam positionsShared explorationLock speedFull tech treeHidden civsTurbo modeCheats
Victory
Defeat
🇨🇭 Vikings · Switzerland
1409
+12
🇨🇭 Sicilians · Switzerland
1384
+13
🇩🇪 Bulgarians · Germany
1325
-13
🇩🇪 Slavs · Germany
1314
-12
CaptainMorgan
0:30 Loom
9:32 Feudal Age
13:31 Fishing Lines
15:16 Fletching
15:49 Double-Bit Axe
15:59 Horse Collar
18:27 Castle Age
17:31 Scale Barding Armor
17:36 Forging
17:46 Bloodlines
17:48 Gold Mining
22:07 Bow Saw
24:08 Chain Barding Armor
25:03 Medium Warships
29:08 Iron Casting
35:39 Imperial Age
33:49 Scale Mail Armor
33:45 Bodkin Arrow
33:43 Stone Mining
35:02 Chain Mail Armor
35:46 Capped Ram
37:34 Siege Ram
42:12 Plate Barding Armor
41:00 Cavalier
44:58 Blast Furnace
Bechti420
0:30 Loom
10:21 Feudal Age
10:50 Double-Bit Axe
10:46 Man-at-Arms
12:43 Fishing Lines
15:10 Horse Collar
19:16 Forging
21:46 Castle Age
21:06 Gold Mining
21:54 Wheelbarrow
21:28 Scale Barding Armor
21:42 Bloodlines
21:54 Pikeman
26:41 Husbandry
27:29 Chain Barding Armor
28:38 Fletching
29:58 Heavy Plow
30:44 Squires
32:57 Scale Mail Armor
35:28 Chain Mail Armor
35:50 Iron Casting
41:40 Imperial Age
40:35 Light Cavalry
41:44 Halberdier
42:25 Squires
42:58 Plate Mail Armor
42:21 Cavalier
44:55 Conscription
45:24 Iron Casting
Link
0:35 Loom
9:42 Feudal Age
11:38 Double-Bit Axe
16:54 Castle Age
16:23 Gold Mining
17:30 Fletching
19:30 Bodkin Arrow
19:33 Horse Collar
20:57 Crossbowman
22:42 Town Watch
22:53 Stone Mining
30:35 Bow Saw
30:30 Heavy Plow
32:12 Fortified Wall
34:58 Imperial Age
33:20 Padded Archer Armor
33:44 Ballistics
34:46 Gold Shaft Mining
35:06 Leather Archer Armor
35:45 Masonry
36:09 Bracer
37:14 Chemistry
38:03 Ring Archer Armor
38:13 Pikeman
38:19 Pikeman
39:02 Squires
39:03 Scale Mail Armor
38:25 Pikeman
38:58 Arbalester
39:55 Pikeman
41:45 Pikeman
43:45 Conscription
45:02 Chain Mail Armor
44:37 Arson
46:04 Forging
47:03 Plate Mail Armor
Goldeneye
0:30 Loom
9:52 Feudal Age
10:25 Double-Bit Axe
12:30 Horse Collar
19:00 Castle Age
17:30 Forging
18:22 Scale Barding Armor
18:49 Bloodlines
26:25 Bow Saw
26:58 Wheelbarrow
30:33 Iron Casting
30:51 Husbandry
35:22 Imperial Age
34:34 Chain Barding Armor
36:42 First Crusade
37:17 Scale Mail Armor
37:52 Plate Barding Armor
37:06 Cavalier
39:03 Ballistics
41:09 Hand Cart
40:39 Town Watch
43:00 Blast Furnace
42:16 Chain Mail Armor
42:37 Hauberk
42:57 Conscription
43:57 Heavy Plow
43:49 Gold Mining
43:50 Stone Mining
45:17 Fletching
47:14 Bodkin Arrow
48:18 Hoardings
47:57 Bracer
48:59 Chemistry
47:46 Arrowslits
Connection lost

Rejoining the realm…

Still unreachable

The connection could not be restored.

Session expired

The server has moved on; the page needs a fresh start.